Map: Polka LE

Players

Massa - Winner!

  • Race: Terran Terran
  • League: Platinum
  • Spawn Location: 11:00

qqq - Winner!

  • Race: Protoss Protoss
  • Spawn Location: 11:00

DarthMikey

  • Race: Protoss Protoss
  • League: Platinum
  • Spawn Location: 5:00

Soviarc

  • Race: Protoss Protoss
  • Spawn Location: 5:00

VOD

Have the link to the VOD?

Description

Time

  • Played on: Nov. 12, 2020, 4:23 p.m.
  • Length: 14:18
Show
View Real Time Build Order
Export as new Build Order

Massa Terran - Winner!

Build Orders: 2 Factory, Mech 

Get SALT Encoding   

  12  0:00  SCV  
  13  0:12  SCV  
  14  0:23  Supply Depot  
  14  0:24  SCV  
  15  0:45  SCV  
  15  0:46  Barracks  
  16  0:52  Refinery  
  16  0:56  Refinery  
  16  0:57  SCV  
  17  1:19  SCV  
  18  1:50  Command Center  
  18  1:53  Factory  
  18  1:58  Marine  
  19  2:15  Orbital Command  
  19  2:40  Barracks Reactor  
  19  2:44  SCV  
  19  2:48  Factory  
  20  2:57  SCV  
  21  3:05  Hellion  
  23  3:07  Orbital Command  
  23  3:09  SCV  
  24  3:25  SCV  
  25  3:29  Hellion  
  25  3:33  Factory Tech Lab  
  27  3:37  SCV  
  27  3:39  Engineering Bay  
  28  3:42  SCV  
  29  3:49  SCV  
  29  3:50  Hellion, Marine x2  
  29  3:54  Siege Tank  
  33  4:08  Marine  
  28  4:42  SCV x2  
  30  4:49  Missile Turret  
  30  4:54  Cyclone, Marine x2, SCV  
  30  4:58  Missile Turret  
  30  4:59  SCV  
  37  5:06  Starport  
  37  5:07  SCV  
  38  5:14  Barracks  
  38  5:16  Supply Depot  
  38  5:19  Supply Depot  
  38  5:21  Supply Depot  
  38  5:30  Missile Turret  
  38  5:37  Marine x2  
  38  5:38  SCV x2, Cyclone  
  45  5:48  Refinery, Medivac  
  47  5:50  SCV x2  
  47  5:55  Marine  
  50  6:02  SCV x2, Marine  
  53  6:04  Barracks Tech Lab  
  53  6:13  Widow Mine, Marine  
  53  6:14  SCV x2  
  58  6:20  Marine  
  59  6:29  SCV x2  
  61  6:34  Command Center, Stimpack  
  61  6:37  Armory  
  61  6:40  Supply Depot x2  
  61  6:41  SCV  
  61  6:44  Supply Depot  
  62  7:01  Marine x3  
  62  7:02  Widow Mine, SCV x2  
  69  7:12  Missile Turret  
  69  7:14  SCV x2  
  71  7:20  Factory  
  71  7:22  Starport Reactor  
  71  7:23  Cyclone  
  71  7:26  SCV  
  75  7:31  SCV, Sensor Tower  
  76  7:38  SCV  
  76  7:44  SCV  
  78  7:45  Orbital Command  
  78  7:50  SCV  
  79  7:56  SCV  
  80  8:02  SCV  
  81  8:13  Thor  
  81  8:16  Smart Servos  
  81  8:17  Marine x2  
  89  8:20  Marauder  
  89  8:21  Combat Shield  
  89  8:23  SCV x3  
  94  8:28  Missile Turret  
  94  8:33  Sensor Tower  
  94  8:35  SCV x3, Marine x2  
  99  8:41  Marauder  
  98  8:56  SCV x3  
  98  8:58  Refinery  
  98  9:01  Refinery, Factory Tech Lab  
  101  9:16  Supply Depot  
  101  9:17  Supply Depot  
  101  9:18  Supply Depot  
  101  9:19  Command Center, Supply Depot  
  101  9:20  Supply Depot  
  101  9:37  Thor  
  101  9:38  SCV, Thor  
  114  9:40  Supply Depot x2  
  114  9:44  Supply Depot  
  114  9:46  Terran Vehicle And Ship Armor Level 1  
  114  9:47  Medivac x2  
  118  9:55  Engineering Bay  
  118  10:08  SCV x3  
  121  10:18  Refinery  
  121  10:20  SCV x2, Thor  
  121  10:21  SCV  
  130  10:24  Armory  
  130  10:27  Supply Depot  
  130  10:32  SCV  
  131  10:47  SCV x3  
  134  10:51  Supply Depot  
  134  10:56  Barracks  
  134  10:58  Barracks  
  134  10:59  SCV x3  
  137  11:09  Factory  
  137  11:12  Thor x2  
  137  11:18  Orbital Command  
  149  11:19  SCV x3  
  149  11:24  Terran Infantry Armor Level 1  
  152  11:26  Viking x2  
  152  11:31  SCV  
  152  11:32  SCV  
  158  11:39  SCV  
  159  11:43  SCV  
  159  11:44  SCV  
  161  11:49  Command Center  
  161  11:51  SCV  
  162  11:55  SCV  
  162  11:56  SCV, Viking x2  
  162  12:00  Barracks Reactor, Barracks Tech Lab, Factory Tech Lab  
  168  12:03  Thor x2  
  168  12:07  Marauder, Marine x2  
  184  12:08  SCV  
  184  12:09  SCV x3  
  184  12:13  Refinery  
  184  12:14  Command Center  
  184  12:15  Refinery  
  188  12:18  Terran Ship Weapons Level 1  
  188  12:20  SCV  
  188  12:21  Terran Infantry Weapons Level 1  
  189  12:25  Marine x2  
  189  12:26  Viking  
  189  12:28  Marauder  
  195  12:42  Marine  
  196  12:48  Refinery  
  196  12:53  Refinery  
  196  12:58  Marauder, Marine x3  
  195  12:59  Marauder  
  195  13:00  Marine  
  195  13:01  Barracks  
  195  13:04  Barracks x2  
  186  13:07  Barracks  
  159  13:15  Marine x3  
  159  13:18  Marine  
  163  13:20  Marauder  
  163  13:21  Marauder  
  167  13:41  Marauder  
  167  13:42  Marauder  
  169  13:55  Barracks  
Show
View Real Time Build Order
Export as new Build Order

qqq Protoss - Winner!

Build Orders: Nexus First, Carriers, Mass Phoenix 

Get SALT Encoding   

  12  0:00  Probe  
  13  0:12  Probe  
  14  0:24  Probe  
  15  0:31  Pylon  
  15  0:49  Probe  
  16  1:01  Probe  
  17  1:05  Nexus  
  17  1:13  Probe  
  18  1:19  Gateway  
  18  1:27  Pylon  
  18  1:34  Probe  
  19  1:46  Probe  
  20  1:53  Assimilator  
  20  1:55  Assimilator  
  20  1:58  Probe  
  21  2:10  Probe  
  22  2:18  Pylon  
  22  2:19  Pylon  
  22  2:21  Probe  
  22  2:22  Probe  
  24  2:33  Probe  
  24  2:34  Probe  
  26  2:42  Cybernetics Core  
  26  2:45  Probe  
  26  2:46  Probe  
  28  2:57  Probe  
  29  2:59  Probe  
  30  3:09  Probe  
  30  3:11  Probe  
  32  3:21  Probe  
  32  3:23  Probe, Stargate  
  32  3:24  Stargate  
  34  3:33  Probe  
  35  3:35  Probe  
  36  3:43  Forge  
  36  3:45  Nexus  
  36  3:46  Probe  
  37  3:57  Adept (Chrono Boost)  
  39  4:04  Void Ray (Chrono Boost)  
  43  4:15  Assimilator  
  43  4:19  Assimilator, Adept  
  43  4:22  Pylon  
  43  4:24  Phoenix (Chrono Boost), Pylon  
  45  4:28  Probe  
  45  4:29  Probe  
  49  4:40  Probe  
  49  4:41  Probe  
  49  4:43  Phoenix (Chrono Boost)  
  53  4:47  Phoenix (Chrono Boost)  
  55  4:52  Probe  
  55  4:53  Probe, Photon Cannon  
  55  4:58  Photon Cannon  
  57  5:03  Probe  
  57  5:05  Probe  
  59  5:10  Phoenix (Chrono Boost)  
  61  5:15  Probe  
  61  5:16  Phoenix (Chrono Boost)  
  61  5:17  Probe  
  65  5:27  Probe (Chrono Boost)  
  66  5:31  Phoenix (Chrono Boost)  
  66  5:34  Phoenix (Chrono Boost)  
  71  5:35  Probe (Chrono Boost)  
  71  5:38  Probe (Chrono Boost)  
  71  5:42  Probe (Chrono Boost)  
  72  5:43  Fleet Beacon  
  73  5:52  Phoenix  
  73  5:53  Probe  
  76  5:58  Assimilator  
  76  6:00  Phoenix  
  76  6:02  Assimilator  
  78  6:05  Probe  
  79  6:17  Probe, Phoenix  
  82  6:29  Probe  
  83  6:33  Protoss Air Weapons Level 1 (Chrono Boost)  
  83  6:37  Tempest  
  88  6:41  Probe  
  88  6:45  Nexus  
  89  6:47  Photon Cannon, Pylon  
  89  6:49  Pylon  
  89  6:50  Photon Cannon  
  89  6:53  Pylon  
  89  6:54  Probe  
  90  7:02  Pylon  
  90  7:05  Carrier  
  90  7:06  Probe  
  97  7:12  Pylon  
  97  7:17  Pylon  
  97  7:18  Probe  
  97  7:21  Carrier, Pylon  
  104  7:25  Anion Pulse-Crystals, Stargate  
  104  7:30  Probe  
  105  7:42  Probe  
  106  7:53  Robotics Facility  
  106  7:54  Probe  
  107  8:06  Probe  
  107  8:09  Carrier  
  114  8:14  Probe  
  114  8:18  Probe  
  114  8:19  Photon Cannon  
  116  8:21  Photon Cannon  
  116  8:23  Tempest  
  116  8:24  Photon Cannon  
  116  8:26  Probe, Shield Battery  
  122  8:28  Phoenix  
  122  8:29  Protoss Air Armor Level 1 (Chrono Boost)  
  122  8:30  Probe, Photon Cannon  
  125  8:39  Probe, Mothership (Chrono Boost)  
  134  8:51  Probe  
  135  9:03  Probe  
  136  9:13  Carrier  
  136  9:14  Phoenix  
  136  9:15  Probe  
  145  9:21  Nexus  
  145  9:24  Pylon  
  145  9:27  Observer, Pylon  
  145  9:28  Carrier, Pylon  
  145  9:30  Pylon  
  152  9:32  Pylon  
  152  9:34  Pylon  
  152  9:39  Phoenix  
  152  9:41  Probe (Chrono Boost)  
  155  9:45  Assimilator  
  155  9:47  Pylon, Assimilator  
  155  9:52  Observer  
  157  9:58  Probe (Chrono Boost)  
  157  10:04  Probe, Carrier  
  164  10:13  Observer  
  165  10:16  Probe  
  165  10:17  Phoenix  
  168  10:28  Probe  
  168  10:32  Photon Cannon, Phoenix  
  168  10:33  Protoss Air Weapons Level 2  
  168  10:35  Photon Cannon  
  171  10:37  Photon Cannon  
  171  10:41  Photon Cannon  
  171  10:42  Phoenix  
  173  10:44  Photon Cannon  
  173  10:47  Photon Cannon  
  173  10:48  Photon Cannon  
  173  10:50  Photon Cannon  
  173  10:52  Shield Battery  
  173  10:53  Probe  
  173  10:55  Shield Battery  
  174  10:57  Shield Battery  
  174  11:00  Shield Battery  
  174  11:04  Probe, Photon Cannon  
  175  11:05  Probe  
  175  11:07  Photon Cannon  
  176  11:11  Photon Cannon  
  176  11:13  Photon Cannon  
  176  11:15  Photon Cannon  
  176  11:16  Probe  
  176  11:17  Probe  
  178  11:21  Pylon  
  178  11:23  Observer  
  178  11:24  Carrier x2  
  191  11:28  Probe  
  191  11:30  Probe  
  193  11:38  Carrier  
  196  11:40  Probe  
  196  11:42  Probe  
  196  11:44  Observer  
  189  11:47  Pylon  
  189  11:52  Probe  
  189  11:54  Probe  
  191  11:56  Mothership  
  199  12:04  Probe  
  189  13:00  Carrier  
Show
View Real Time Build Order
Export as new Build Order

DarthMikey Protoss 

Build Orders: Colossus Rush 

Get SALT Encoding   

  12  0:00  Probe  
  13  0:14  Pylon  
  13  0:19  Probe (Chrono Boost)  
  14  0:33  Gateway  
  14  0:34  Probe (Chrono Boost)  
  15  0:45  Probe  
  16  0:57  Probe  
  16  0:59  Assimilator  
  16  1:01  Assimilator  
  17  1:06  Pylon  
  17  1:21  Cybernetics Core  
  17  1:55  Pylon, Nexus  
  17  1:58  Adept (Chrono Boost)  
  19  2:05  Probe  
  20  2:17  Probe  
  20  2:27  Adept  
  20  2:29  Probe  
  23  2:39  Robotics Facility  
  23  2:42  Probe (Chrono Boost)  
  25  2:52  Probe (Chrono Boost)  
  25  2:57  Probe (Chrono Boost)  
  26  3:07  Probe  
  26  3:08  Probe  
  26  3:11  Stalker (Chrono Boost)  
  28  3:19  Probe  
  31  3:29  Immortal (Chrono Boost)  
  35  3:37  Probe x2  
  27  4:35  Probe x2  
  28  4:39  Immortal (Chrono Boost)  
  32  4:47  Probe (Chrono Boost)  
  32  4:49  Robotics Bay  
  32  4:51  Pylon  
  32  4:52  Probe (Chrono Boost)  
  34  4:58  Probe (Chrono Boost)  
  36  5:02  Probe (Chrono Boost)  
  36  5:03  Probe (Chrono Boost)  
  36  5:07  Robotics Bay  
  37  5:10  Immortal (Chrono Boost)  
  42  5:14  Probe (Chrono Boost)  
  42  5:17  Probe (Chrono Boost)  
  43  5:27  Probe (Chrono Boost)  
  45  5:28  Probe (Chrono Boost)  
  45  5:32  Probe (Chrono Boost)  
  46  5:36  Probe  
  46  5:39  Robotics Facility  
  47  5:44  Colossus  
  47  5:48  Probe  
  54  5:52  Pylon  
  54  5:57  Pylon, Forge  
  54  6:10  Probe (Chrono Boost)  
  56  6:12  Probe (Chrono Boost)  
  56  6:21  Assimilator  
  56  6:22  Probe (Chrono Boost)  
  56  6:24  Shield Battery  
  58  6:26  Probe (Chrono Boost)  
  58  6:28  Probe (Chrono Boost)  
  65  6:34  Probe  
  65  6:36  Probe  
  65  6:38  Photon Cannon  
  61  6:41  Colossus  
  61  6:46  Probe, Pylon  
  68  6:47  Protoss Ground Weapons Level 1 (Chrono Boost)  
  68  6:49  Observer  
  68  6:51  Extended Thermal Lance (Chrono Boost)  
  69  6:58  Probe  
  70  7:04  Probe  
  71  7:08  Assimilator  
  71  7:10  Probe  
  72  7:16  Probe  
  72  7:18  Pylon  
  72  7:19  Pylon  
  73  7:29  Immortal  
  73  7:38  Forge  
  73  7:39  Immortal, Forge  
  81  7:52  Stargate  
  81  7:53  Stargate  
  81  7:56  Pylon  
  81  7:57  Probe x2  
  83  8:14  Protoss Ground Armor Level 1 (Chrono Boost)  
  83  8:17  Protoss Shields Level 1 (Chrono Boost)  
  83  8:43  Nexus  
  83  8:44  Pylon  
  83  8:47  Pylon  
  83  8:53  Void Ray x2  
  83  8:56  Pylon  
  91  9:05  Immortal  
  91  9:06  Immortal  
  99  9:26  Twilight Council  
  99  9:27  Protoss Air Weapons Level 1  
  99  9:37  Shield Battery  
  99  9:40  Shield Battery  
  99  9:50  Photon Cannon  
  99  9:52  Photon Cannon  
  99  9:54  Photon Cannon  
  99  9:56  Photon Cannon  
  99  9:57  Shield Battery  
  99  9:59  Shield Battery  
  99  10:01  Shield Battery  
  99  10:09  Protoss Ground Weapons Level 2 (Chrono Boost)  
  99  10:13  Colossus x2  
  111  10:19  Probe x3  
  114  10:31  Probe x3  
  117  10:40  Void Ray  
  117  10:43  Probe x3  
  117  10:45  Void Ray  
  117  10:49  Assimilator  
  124  10:55  Probe x3  
  131  10:58  Pylon  
  131  11:01  Pylon  
  131  11:07  Probe  
  132  11:14  Assimilator  
  132  11:17  Void Ray  
  132  11:22  Void Ray  
  136  11:32  Observer x2  
  142  11:45  Protoss Shields Level 2 (Chrono Boost)  
  142  12:03  Stargate  
  142  12:07  Stargate  
  118  12:44  Void Ray x3 (Chrono Boost)  
  118  12:57  Void Ray (Chrono Boost)  
  105  13:13  Void Ray (Chrono Boost)  
  79  13:23  Void Ray x2 (Chrono Boost)  
  91  13:31  Void Ray (Chrono Boost)  
Show
View Real Time Build Order
Export as new Build Order

Soviarc Protoss 

Build Orders: Carriers 

Get SALT Encoding   

  12  0:00  Probe  
  13  0:12  Probe  
  14  0:18  Pylon  
  14  0:25  Probe  
  15  0:36  Gateway  
  15  0:37  Probe (Chrono Boost)  
  16  0:46  Assimilator  
  16  0:48  Probe (Chrono Boost)  
  17  0:52  Probe (Chrono Boost)  
  17  0:56  Assimilator  
  18  1:03  Probe (Chrono Boost)  
  19  1:15  Probe (Chrono Boost)  
  20  1:21  Probe (Chrono Boost)  
  20  1:24  Cybernetics Core  
  21  1:27  Pylon  
  21  1:29  Probe  
  22  1:41  Probe  
  23  2:00  Stargate  
  23  2:11  Nexus  
  23  2:30  Assimilator  
  23  2:35  Assimilator  
  23  2:39  Void Ray  
  27  2:52  Pylon  
  27  2:59  Pylon  
  27  3:00  Probe (Chrono Boost)  
  28  3:11  Probe (Chrono Boost)  
  28  3:12  Pylon  
  29  3:15  Probe (Chrono Boost)  
  29  3:16  Void Ray  
  30  3:25  Probe (Chrono Boost)  
  37  3:34  Probe (Chrono Boost)  
  37  3:35  Probe (Chrono Boost)  
  37  3:40  Probe x2 (Chrono Boost)  
  38  3:48  Pylon  
  39  3:53  Void Ray  
  43  4:12  Probe (Chrono Boost)  
  43  4:14  Probe (Chrono Boost)  
  45  4:22  Probe (Chrono Boost)  
  45  4:23  Probe (Chrono Boost)  
  47  4:27  Probe x2 (Chrono Boost)  
  49  4:38  Cybernetics Core  
  49  4:41  Forge  
  49  4:42  Void Ray, Pylon  
  53  4:59  Pylon  
  53  5:07  Probe (Chrono Boost)  
  53  5:12  Probe (Chrono Boost)  
  55  5:17  Probe (Chrono Boost)  
  55  5:19  Probe (Chrono Boost), Void Ray  
  57  5:22  Probe (Chrono Boost)  
  57  5:23  Probe (Chrono Boost)  
  63  5:30  Protoss Shields Level 1  
  63  5:33  Probe x2  
  65  5:38  Stargate  
  65  5:45  Protoss Air Armor Level 1, Protoss Air Weapons Level 1  
  65  5:47  Stargate  
  65  5:52  Stargate  
  65  5:54  Pylon  
  65  6:24  Fleet Beacon  
  65  6:30  Void Ray x4  
  81  6:40  Twilight Council  
  81  6:42  Pylon  
  81  6:50  Pylon  
  81  7:12  Nexus  
  81  7:15  Probe x2, Assimilator  
  82  7:19  Assimilator  
  83  7:23  Void Ray x4  
  83  7:26  Flux Vanes  
  83  7:27  Probe  
  83  7:28  Probe  
  101  7:39  Probe  
  101  7:40  Probe  
  103  8:28  Void Ray x4  
  103  8:31  Nexus  
  103  8:33  Assimilator  
  111  8:35  Assimilator  
  111  8:40  Probe x3  
  122  8:52  Probe x3  
  125  9:20  Pylon  
  125  9:22  Pylon  
  125  9:24  Pylon  
  125  9:27  Pylon  
  125  9:30  Pylon  
  125  9:34  Pylon  
  125  9:38  Probe x3  
  128  9:40  Protoss Shields Level 2, Robotics Facility  
  128  9:52  Probe x4  
  132  10:04  Probe x3  
  132  10:05  Probe  
  136  10:10  Protoss Air Armor Level 2 (Chrono Boost), Protoss Air Weapons Level 2 (Chrono Boost)  
  136  10:12  Pylon  
  136  10:15  Pylon  
  136  10:20  Pylon  
  136  10:24  Stargate  
  136  10:27  Stargate  
  136  10:30  Pylon  
  136  10:33  Pylon  
  136  10:43  Robotics Bay  
  136  10:52  Observer  
  137  11:13  Observer  
  137  11:14  Carrier x3  
  137  11:15  Carrier x2  
  137  11:16  Carrier  
  174  11:31  Gravitic Boosters (Chrono Boost)  
  174  11:32  Probe  
  175  11:35  Observer  
  101  12:47  Phoenix x5  
  101  12:48  Phoenix  
  38  13:12  Phoenix x5  
  45  13:13  Phoenix  
  49  13:37  Phoenix x2 (Chrono Boost)  
  49  13:38  Phoenix x4 (Chrono Boost)  
  61  13:57  Phoenix (Chrono Boost)  
  61  13:58  Phoenix x5 (Chrono Boost)  
Tags
 
Add a new tag
Caveats
  • Supply blocks, unpowered buildings, or Contaminate may cause inaccurate times.
  • Supply counts are checked every 10 seconds.